 Dungeon Crawl Stone Soup version 0.23.2-1-ga50397a6bc (webtiles) character file.

Game seed: 8299322338327647484

147 KoningWillie the Skirmisher (level 5, -1/47 HPs)
             Began as a Hill Orc Fighter on May 28, 2019.
             Killed from afar by an orc wizard (6 damage)
             ... with a magic dart
             ... on level 3 of the Dungeon.
             The game lasted 00:05:00 (2002 turns).

KoningWillie the Skirmisher (Hill Orc Fighter)      Turns: 2002, Time: 00:05:02

Health: -1/47      AC:  7    Str: 20    XL:     5   Next: 29%
Magic:  5/5        EV:  6    Int:  8    God:
Gold:   143        SH:  8    Dex: 10    Spells: 4/4 levels left

rFire    . . .     SeeInvis .   a - +0 long sword
rCold    . . .     Gourm    .   c - +0 shield
rNeg     . . .     Faith    .   b - +0 scale mail
rPois    .         Spirit   .   i - +0 helmet
rElec    .         Reflect  .   (no cloak)
rCorr    .         Harm     .   (no gloves)
MR       .....                  (no boots)
Stlth    ..........             (no amulet)
HPRegen  0.15/turn              (no ring)
MPRegen  0.09/turn              (no ring)

@: very heavily drained
A: no striking features
a: no special abilities


You were on level 3 of the Dungeon.
You were hungry.

You visited 1 branch of the dungeon, and saw 3 of its levels.

You collected 143 gold pieces.

Inventory:

Hand Weapons
 a - a +0 long sword (weapon)
Armour
 b - a +0 scale mail (worn)
 c - a +0 shield (worn)
 i - a +0 helmet (worn)
Jewellery
 g - an uncursed amulet of the gourmand {unknown}
 s - an uncursed amulet of the acrobat {unknown}
Scrolls
 h - 2 scrolls of enchant armour {unknown}
 j - 2 scrolls of identify
 k - 2 scrolls of teleportation {unknown}
 o - 2 scrolls of remove curse {unknown}
 p - a scroll of random uselessness {unknown}
 u - a scroll of enchant weapon {unknown}
Potions
 d - a potion of might
 e - a potion of curing
 l - a potion of heal wounds {unknown}
 m - a potion of flight {unknown}
 n - 2 potions of brilliance {unknown}
 q - a potion of ambrosia {unknown}
 r - a potion of invisibility {unknown}
 t - a potion of magic {unknown}
Comestibles
 f - 4 rations


   Skills:
 + Level 4.5(1.2) Fighting
 + Level 3.9(0.7) Long Blades
 + Level 3.8(0.7) Armour
 + Level 0.4(0.0) Dodging
 + Level 4.2(1.0) Shields


You had 4 spell levels left.
You didn't know any spells.
Your spell library contained the following spells:

 Spells                   Type           Power        Failure   Level  Hunger
 Magic Dart               Conj           #...         100%        1    ##.....
 Searing Ray              Conj           #.....       100%        2    ###....
 Dazzling Spray           Conj/Hex       #.....       100%        3    ####...
 Force Lance              Conj/Tloc      #.......     100%        4    #####..
 Fulminant Prism          Conj/Hex       #.........   100%        4    #####..
 Iskenderun's Mystic Bla  Conj           #.......     100%        4    #####..


Dungeon Overview and Level Annotations

Branches:
Dungeon (3/15)

Altars:
Wu Jian


Message History

You closely miss the orc wizard.
The orc wizard hits you but does no damage.
You feel drained.
The orc wizard miscasts a cantrip.
You miss the orc wizard. You block the orc wizard's attack.
The orc wizard hits you but does no damage.
You feel drained.
You closely miss the orc wizard. You block the orc wizard's attack.
The orc wizard hits you but does no damage.
You feel drained.
You barely miss the orc wizard.
The orc wizard hits you but does no damage.
You feel drained. The orc wizard barely misses you.
You closely miss the orc wizard. The orc wizard casts a spell at you.
The magic dart hits you.
* * * LOW HITPOINT WARNING * * *
The orc wizard points at you and mumbles some strange words.
The magic dart hits you.
You die...

#####.##.........#
#...#.####.#.########
#.#.#....#.#.......<#
#.#.####.#.##########
##'#............#
#......##.#.###.#
#[.....##.#...#.#
#......#....#.#.#
######.o@.#.#..(#
###.##.##### #.##.#
### #.##.# ...
#######'##.# ...
.........#.# ...
.........#.# )..
.......?.# ...
...$.....#


You could see an orc wizard.

Vanquished Creatures
  An orc priest (D:3)
  4 gnolls
  2 adders
  An adder skeleton (D:2)
  A dart slug (D:1)
  A leopard gecko (D:1)
  3 giant cockroaches
  5 goblins
  14 hobgoblins
  4 kobolds
  A quokka (D:2)
  5 bats
  4 frilled lizards
  11 rats
57 creatures vanquished.

Notes
Turn   | Place    | Note
-------+----------+-------------------------------------------
     0 | D:1      | KoningWillie the Hill Orc Fighter began the quest for the
                  | Orb.
     0 | D:1      | Reached XP level 1. HP: 19/19 MP: 1/1
   148 | D:1      | Reached XP level 2. HP: 27/27 MP: 2/2
   331 | D:1      | Reached XP level 3. HP: 30/33 MP: 3/3
   828 | D:2      | Reached XP level 4. HP: 40/40 MP: 4/4
   898 | D:2      | Found an ornate altar of the Wu Jian Council.
  1860 | D:3      | Reached XP level 5. HP: 44/47 MP: 5/5
  2002 | D:3      | Killed from afar by an orc wizard

Skill      XL: |  1  2  3  4 |
---------------+-------------+-----
Fighting       | 4 |  4.5
Long Blades    | 3 |  3.9
Shields        | 4 |  4.2
Armour         | |  3.8
Dodging        | |  0.4

Action                   |  1- 3 |  4- 6 || total
-------------------------+-------+-------++-------
Melee: Long sword        |   109 |    82 ||   191
  Use: Scroll            |       |     1 ||     1
       Potion            |       |     1 ||     1
  Eat: Ration            |       |     1 ||     1
Armor: Scale mail        |    56 |    49 ||   105
Dodge: Dodged            |    28 |    31 ||    59
Block: Shield            |    69 |    58 ||   127
       Rpst.: Long sword |    12 |     8 ||    20
